 Dungeon Crawl Stone Soup version bcrawl-1.21.3 (webtiles) character file.

Game seed: 5508305885296527460

1247 MisterOstroum the Skirmisher (level 8, -3/62 HPs)
             Began as a Demonspawn Skald on Mar 25, 2020.
             Was a Follower of Sif Muna.
             Slain by a slime creature (11 damage)
             ... on level 6 of the Dungeon.
             The game lasted 00:10:05 (5627 turns).

MisterOstroum the Skirmisher (Demonspawn Skald)     Turns: 5627, Time: 00:10:06

Health: -3/62      AC:  5    Str: 13    XL:     8   Next: 25%
Magic:  9/20       EV: 12    Int: 15    God:    Sif Muna [*.....]
Gold:   50         SH:  0    Dex: 15    Spells: 2/11 levels left

rFire    . . .     SeeInvis .     - Unarmed
rCold    . . .     Gourm    .   (no shield)
rNeg     . . .     Faith    .   b - +0 leather armour
rPois    .         Spirit   .   c - +0 helmet
rElec    .         Reflect  .   (no cloak)
rCorr    .         Harm     .   (no gloves)
MR       .....                  q - +0 pair of boots
Stlth    +.........             (no amulet)
HPRegen  0.20/turn              j - ring of magical power
MPRegen  0.17/turn              r - +2 ring of dexterity

@: infused, singing, very slightly contaminated, lightly drained
A: claws 1, hooves 2, powered by death 1, spiny 1
a: Divine Energy, Renounce Religion


You were on level 6 of the Dungeon.
You worshipped Sif Muna.
Sif Muna was aware of your devotion.
You were hungry.

You visited 2 branches of the dungeon, and saw 7 of its levels.

You collected 286 gold pieces.
You spent 236 gold pieces at shops.

Inventory:

Missiles
 a - 242 tomahawks
 f - 653 bolts
 o - 1014 stones (quivered)
 z - 41 poisoned tomahawks
 A - a throwing net {!f!f}
 B - 157 arrows
 F - 256 sling bullets
Armour
 b - a +0 leather armour (worn)
 c - a +0 helmet (worn)
 q - a +0 pair of boots (worn)
Jewellery
 j - a ring of magical power (left claw)
 l - an uncursed ring of ice
 r - a +2 ring of dexterity (right claw)
 t - an uncursed ring of protection from magic
Wands
 C - a wand of disintegration (11)
Scrolls
 d - 5 scrolls of fear {!r}
 k - a scroll of identify {@r1}
 n - 5 scrolls of teleportation {@r3 !r}
 p - a scroll of immolation
 s - 7 scrolls of remove curse {@r2}
 u - a scroll of noise {unknown}
 w - a scroll of fog {!r}
 y - a scroll of enchant armour {unknown}
 D - a scroll of blinking {unknown}
 E - a scroll of enchant weapon {unknown}
 G - a scroll of magic mapping {unknown}
Potions
 g - 2 potions of heal wounds
 h - a potion of ambrosia
 i - 4 potions of resistance
 m - 2 potions of mutation
 v - 4 potions of curing
 x - 2 potions of might {@q3 !q}
Comestibles
 e - 8 rations {!d}


   Skills:
 + Level 5.0 Fighting
   Level 2.0(1.9) Polearms
 + Level 1.1(1.0) Armour
 - Level 1.7 Dodging
 + Level 5.0 Unarmed Combat
 + Level 2.1(2.0) Spellcasting
 - Level 0.8(0.7) Hexes
 + Level 5.0 Charms
 - Level 4.3 Necromancy


You had 2 spell levels left.
You knew the following spells:

 Your Spells              Type           Power        Failure   Level  Hunger
a - Infusion              Chrm           ###.....     3%          1    #......
b - Song of Slaying       Chrm           ###.....     5%          2    ###....
c - Spectral Weapon       Hex/Chrm       ##......     26%         3    ###....
H - Regeneration          Chrm/Necr      ###.......   12%         3    ###....

Your spell library contained the following spells:

 Spells                   Type           Power        Failure   Level  Hunger
 Slow                     Hex            #.......     21%         1    #......
 Apportation              Tloc           #.....       28%         1    #......
 Sandblast                Erth           #.....       28%         1    #......
 Summon Butterflies       Summ           #.......     28%         1    #......
 Ozocubu's Armour         Chrm/Ice       #.......     30%         3    ###....
 Spider Form              Tmut/Pois      #..          63%         3    ###....
 Yara's Violent Unravell  Hex/Tmut       #.........   94%         4    #####..
 Lee's Rapid Deconstruct  Erth           #.........   100%        5    ######.
 Iron Shot                Conj/Erth      #.........   100%        6    #######
 Dragon Form              Tmut           #......      100%        7    #######


Dungeon Overview and Level Annotations

Branches:
Dungeon (6/12)             Temple (1/1) D:5

Altars:
Ashenzari
Dithmenos
Elyvilon
Fedhas
Hepliaklqana
Kikubaaqudgha
Makhleb
Nemelex Xobeh
Okawaru
Qazlal
Ru
Sif Muna
Trog
Uskayaw
Wu Jian
Yredelemnul
Zin

Shops:
D:5 %([**


Innate Abilities, Weirdness & Mutations

You have sharp fingernails.
You have hoof-like feet.
You regenerate a little health from kills.
You are partially covered in sharp spines.


Message History

The orc priest is severely wounded.
Your magical infusion is running out.
The orc is struck by your spines. The orc hits you but does no damage.
The orc priest hits you but does no damage.
You scratch the orc priest.
You kill the orc priest!
Sif Muna accepts your kill.
Casting: Infusion (safe; 3% risk of failure)
Confirm with . or Enter, or press ? or * to list all spells.
Your skin crawls.
Your skin is crawling a little less now.
An orc comes into view. It is wielding a +0 hand axe.
The orc hits you with a +0 flail.
You scratch the orc.
The orc is heavily wounded.
The orc is struck by your spines.
You kill the orc!
Sif Muna accepts your kill. The orc misses you.
You scratch the orc!
You kill the orc!
Sif Muna accepts your kill.
z - 41 poisoned tomahawks
Items here: ))) [[[ There isn't anything to butcher here.
There isn't anything to butcher here.
You are no longer magically infusing your attacks.
Items here: ))) [[ a +0 hand axe; a cursed +3 short sword; a +0 robe; a +0 flail; a +0 robe There isn't anything to butcher here.
As you read the scroll labeled SUUPTIF AWKY, it crumbles to dust.
The scroll dissolves into smoke.
It was a scroll of fog.
Your skin stops crawling.
You start resting.
Your song is almost over.
Your song has ended.
Magic restored.
Items here: ))) [[ a +0 hand axe; a cursed +3 short sword; a +0 robe; a +0 flail; a +0 robe
Found a stone staircase leading up.
You now have enough gold to buy a scroll labeled FAOXZE RIHERE on D:5.
You can access your shopping list by pressing '$'.
You now have 31 gold pieces (gained 10).
You now have enough gold to buy 2 scrolls labeled NESIXU GINK on D:5.
You can access your shopping list by pressing '$'.
You now have 50 gold pieces (gained 19).
A hound and a slime creature come into view.
The slime creature quivers.
There are monsters nearby!
There are monsters nearby!
Casting: Regeneration (safe; 12% risk of failure)
Confirm with . or Enter, or press ? or * to list all spells.
You miscast Song of Slaying.
You are very lightly contaminated with residual magic.
Nothing appears to happen.
Casting: Song of Slaying (safe; 5% risk of failure)
Confirm with . or Enter, or press ? or * to list all spells.
You start singing a song of slaying.
You are feeling hungry.
Casting: Song of Slaying (safe; 5% risk of failure)
Confirm with . or Enter, or press ? or * to list all spells.
You begin infusing your attacks with magical energy.
Unknown command.
Unknown command.
Casting: Infusion (safe; 3% risk of failure)
Confirm with . or Enter, or press ? or * to list all spells.
Your skin crawls.
You scratch the slime creature!
The slime creature is lightly wounded.
Your skin stops crawling.
The slime creature hits you!
You scratch the slime creature.
The slime creature is moderately wounded.
The slime creature is struck by your spines.
The slime creature hits you.
You scratch the slime creature.
The slime creature is moderately wounded.
The slime creature barely misses you.
You claw the slime creature!
The slime creature is heavily wounded.
The slime creature jiggles.
The slime creature is struck by your spines.
The slime creature hits you!!
You scratch the slime creature.
The slime creature is heavily wounded.
The slime creature misses you.
You scratch the slime creature! You claw the slime creature.
The slime creature is severely wounded.
The slime creature is struck by your spines.
The slime creature hits you!
* * * LOW HITPOINT WARNING * * *
Unknown command.
Unknown command.
Evoke which item? (* to show all) (? for menu, Esc to quit)
Aiming: Disintegrate
Press: ? - help, Shift-Dir - straight line, f - slime creature
Aim: a slime creature (severely wounded, chance to defeat MR: 48%)
The slime creature resists with some effort.
The slime creature hits you!
You die...

##..## ##..######.
####........
####...........
###..............
##................
..................
#.......J.........
#.......@.........
##................
##...............
##...........<..
##............#
##..........##
##.........# #####
##.......##
#...#####)###...##


You could see a slime creature.

Vanquished Creatures
  A water moccasin (D:5)
  A sky beast (D:5)
  An ogre (D:4)
  A centaur (D:5)
  3 wights (D:6)
  2 crimson imps
  2 orc priests (D:6)
  A hound (D:3)
  2 jellies (D:3)
  2 orc wizards
  2 centaur skeletons (D:4)
  An iguana (D:4)
  3 worker ants
  Robin (D:2)
  4 gnolls (D:3)
  6 adders
  10 oozes
  An adder zombie (D:5)
  An adder skeleton (D:5)
  8 worms
  5 dart slugs
  7 leopard geckos
  15 orcs
  2 ball pythons
  9 goblins
  14 hobgoblins
  8 jackals
  2 quokkas
  7 bats
  9 frilled lizards
  17 kobolds
  9 rats
157 creatures vanquished.

Vanquished Creatures (others)
  2 fungi (D:3)
  4 toadstools (D:3)
6 creatures vanquished.

Grand Total: 163 creatures vanquished

Notes
Turn   | Place    | Note
-------+----------+-------------------------------------------
     0 | D:1      | MisterOstroum the Demonspawn Skald began the quest for the
                  | Orb.
     0 | D:1      | Reached XP level 1. HP: 16/16 MP: 3/3
   114 | D:1      | Gained mutation: You are partially covered in sharp spines.
                  | [demonic ancestry]
   114 | D:1      | Reached XP level 2. HP: 23/23 MP: 3/5
   483 | D:1      | Gained mutation: You regenerate a little health from kills.
                  | [demonic ancestry]
   483 | D:1      | Reached XP level 3. HP: 29/29 MP: 6/6
   979 | D:2      | Learned a level 3 spell: Spectral Weapon
  1070 | D:2      | Learned a level 2 spell: Song of Slaying
  1199 | D:2      | Found a stormy altar of Qazlal.
  1199 | D:2      | Noticed a fire elemental
  1287 | D:2      | Noticed an earth elemental
  1288 | D:2      | Noticed an air elemental
  1288 | D:2      | Noticed a water elemental
  1411 | D:2      | Gained mutation: You have sharp fingernails. [demonic
                  | ancestry]
  1411 | D:2      | Reached XP level 4. HP: 34/36 MP: 7/7
  1417 | D:2      | Noticed Robin
  1468 | D:2      | Killed Robin
  1717 | D:2      | Found a white marble altar of Elyvilon.
  1743 | D:2      | Reached skill level 1 in Unarmed Combat
  2213 | D:3      | Reached XP level 5. HP: 35/42 MP: 8/8
  2976 | D:3      | Gained mutation: You have large cloven feet. [demonic
                  | ancestry]
  2976 | D:3      | Reached XP level 6. HP: 46/49 MP: 9/9
  3168 | D:3      | Learned a level 3 spell: Regeneration
  3297 | D:3      | Reached skill level 1 in Necromancy
  3468 | D:4      | Reached skill level 5 in Fighting
  3609 | D:4      | Found a sparkling altar of Nemelex Xobeh.
  3609 | D:4      | Found an iron altar of Okawaru.
  3789 | D:4      | Gained mutation: You have hoof-like feet. [demonic
                  | ancestry]
  3789 | D:4      | Reached XP level 7. HP: 42/56 MP: 10/10
  3889 | D:4      | Found a blossoming altar of Fedhas.
  4419 | D:5      | Entered Level 5 of the Dungeon
  4506 | D:5      | Found a staircase to the Ecumenical Temple.
  4515 | Temple   | Entered the Ecumenical Temple
  4603 | Temple   | Became a worshipper of Sif Muna the Loreminder
  4757 | D:5      | Found a burning altar of Makhleb.
  4796 | D:5      | Found Zygif's Assorted Antiques.
  4804 | D:5      | Bought a scroll labeled ZAALOU WOMI for 24 gold pieces
  4804 | D:5      | Bought a curved copper wand for 96 gold pieces
  4804 | D:5      | Bought a scroll labeled FAOXZE RIHERE for 24 gold pieces
  4804 | D:5      | Bought a scroll labeled ZAALOU WOMI for 24 gold pieces
  4804 | D:5      | Bought a scroll labeled NESIXU GINK for 24 gold pieces
  4804 | D:5      | Bought a brown potion for 21 gold pieces
  4816 | D:5      | Found Uneiqevo's Weapon Shoppe.
  4846 | D:5      | Found Inkitej's Food Shop.
  4937 | D:5      | Found Ket Gulaku's Antique Armour Shop.
  5072 | D:5      | Reached * piety under Sif Muna
  5072 | D:5      | Reached skill level 5 in Unarmed Combat
  5072 | D:5      | Reached XP level 8. HP: 56/62 MP: 11/11
  5220 | D:5      | Found Gaopnibb's Assorted Antiques.
  5223 | D:5      | Bought a scroll labeled VAANLO VIFEIX for 23 gold pieces
  5254 | D:5      | Found an ornate altar of the Wu Jian Council.
  5254 | D:5      | Found a bloodstained altar of Trog.
  5474 | D:6      | Reached skill level 5 in Charms
  5476 | D:6      | Identified Kanar's Guide on Mutagenic Clay (Sif Muna gifted
                  | it to you on level 6 of the Dungeon)
  5476 | D:6      | Received a gift from Sif Muna
  5498 | D:6      | Reached skill level 1 in Armour
  5605 | D:6      | Noticed a slime creature
  5627 | D:6      | Slain by a slime creature

Skill      XL: |  1  2  3  4  5  6  7  8 |
---------------+-------------------------+-----
Polearms       | 2 |  2.0
Fighting       | 3 4 5 |  5.0
Charms         | 3 4 5 |  5.0
Unarmed Combat | 1 2 3 5 |  5.0
Necromancy     | 1 3 4 |  4.3
Armour         | 1 |  1.1
Dodging        | |  1.7
Spellcasting   | |  2.1
Hexes          | |  0.8

Action                   |  1- 3 |  4- 6 |  7- 9 || total
-------------------------+-------+-------+-------++-------
Melee: Spear             |   102 |     2 |       ||   104
       Unarmed           |       |   184 |    94 ||   278
       Punch             |       |     1 |     3 ||     4
       Kick              |       |    10 |    15 ||    25
 Cast: Infusion          |    19 |    21 |    13 ||    53
       Spectral Weapon   |     2 |       |       ||     2
       Song of Slaying   |     1 |     9 |    12 ||    22
       Regeneration      |       |       |     3 ||     3
Evoke: Wand              |       |       |     1 ||     1
  Use: Scroll            |       |     3 |     6 ||     9
 Stab: Sleeping          |     1 |     1 |       ||     2
       Distracted        |       |     1 |       ||     1
  Eat: Chunk             |     2 |     9 |     7 ||    18
Armor: Leather armour    |    11 |    30 |    15 ||    56
Dodge: Dodged            |    22 |    96 |    51 ||   169
